[Event "Titled Tuesday Blitz May 11 2021"]
[White "Fernandez, Daniel Howard"]
[Black "Sanal, Vahap"]
[WhiteFideId "5801605"]
[BlackFideId "6300545"]
[WhiteElo "2468"]
[BlackElo "2507"]
[Result "1-0"]
[Round "08"]
[TimeControl "180+1"]
[Date "2021.05.11"]
[WhiteClock "0:00:17"]
[BlackClock "0:00:02"]

1. c4 e6 2. g3 d5 3. Bg2 a6 4. cxd5 exd5 5. Nf3 Nf6 6. O-O Be7 7. d3 O-O 8. Nc3 Re8 9. e4 d4 10. Ne2 c5 11. b4 Nc6 12. bxc5 Bxc5 13. Bb2 Bg4 14. Rc1 Ba7 15. h3 Bxf3 16. Bxf3 Nd7 17. Nf4 Nde5 18. Bg2 Qa5 19. Qb3 Qb5 20. Rfd1 Qxb3 21. axb3 Rac8 22. Nd5 f6 23. h4 Kf7 24. Bh3 Rcd8 25. f4 Nd7 26. Nc7 Re7 27. Ba3 Bc5 28. Bxc5 Nxc5 29. Nd5 Nxb3 30. Nxe7 Kxe7 31. Rb1 Nc5 32. Bg2 Na5 33. Kf2 b5 34. e5 fxe5 35. fxe5 Nab3 36. Ke2 a5 37. Bc6 Rb8 38. Bd5 a4 39. Rf1 Rd8 40. Rf7+ Ke8 41. Bxb3 Nxb3 42. Rxg7 Rd5 43. Rxh7 Rxe5+ 44. Kf2 b4 45. Re1 Rxe1 46. Kxe1 Nc5 47. Kd2 b3 48. Ra7 Kf8 49. h5 Kg8 50. g4 b2 51. Kc2 Nxd3 52. Rxa4 Ne5 53. Rxd4 Kg7 54. Kxb2 Kh6 55. Kc3 Nf3 56. Rf4 Ng5 57. Kd4 Nh3 58. Ke5 Kh7 59. Rf5 1-0


[Site "https://www.chess.com"]

[Event "Titled Tuesday Blitz May 11 2021"]
[White "Grandelius, Nils"]
[Black "Zubov, Alexander"]
[WhiteFideId "1710400"]
[BlackFideId "14109409"]
[WhiteElo "2651"]
[BlackElo "2740"]
[Result "0-1"]
[Round "08"]
[TimeControl "180+1"]
[Date "2021.05.11"]
[WhiteClock "0:00:03"]
[BlackClock "0:00:03"]

1. Nf3 Nf6 2. g3 g6 3. Bg2 d5 4. c4 c6 5. b3 Bg7 6. Bb2 O-O 7. O-O Bg4 8. d3 Bxf3 9. Bxf3 Re8 10. Nd2 e5 11. Bg2 Nbd7 12. cxd5 cxd5 13. b4 a5 14. bxa5 Qxa5 15. Nb3 Qa4 16. Qd2 Rac8 17. Rfc1 Rc6 18. Qa5 Ra8 19. Qxa4 Rxa4 20. Kf1 Bf8 21. Bh3 Ba3 22. Bxa3 Rxa3 23. Rxc6 bxc6 24. Rc1 Ra6 25. d4 Kf8 26. Rc2 Ke7 27. Bxd7 Nxd7 28. dxe5 Nxe5 29. Nc5 Ra3 30. Nd3 Nc4 31. h4 h5 32. Ke1 Kd6 33. Kd1 Ra5 34. Kc1 c5 35. Ne1 Ne5 36. Rb2 d4 37. Nd3 Nd7 38. Rc2 Nb6 39. Nb2 Kd5 40. Nd3 c4 41. Nf4+ Ke5 42. Rb2 Nd5 43. Nxd5 Kxd5 44. Kb1 Kc6 45. Rb8 Re5 46. Rb2 c3 47. Rc2 Kd5 48. Kc1 Kc4 49. Kd1 Rb5 50. Rc1 Rb2 51. Ra1 d3 52. exd3+ Kxd3 53. Ke1 Re2+ 54. Kf1 c2 55. a4 Rd2 56. Ra3+ Kc4 57. Kg2 c1=Q 0-1


[Site "https://www.chess.com"]

[Event "Titled Tuesday Blitz May 11 2021"]
[White "Gritsenko, Nikolai"]
[Black "Sadhwani, Raunak"]
[WhiteFideId "14112493"]
[BlackFideId "35093487"]
[WhiteElo "2389"]
[BlackElo "2514"]
[Result "0-1"]
[Round "08"]
[TimeControl "180+1"]
[Date "2021.05.11"]
[WhiteClock "0:00:16"]
[BlackClock "0:01:34"]

1. d4 c5 2. d5 e5 3. c4 d6 4. Nc3 Be7 5. g3 h5 6. h3 Bg5 7. e3 Nf6 8. Nf3 Bh6 9. Bd3 Qe7 10. Qc2 Na6 11. a3 g6 12. Bd2 Nc7 13. O-O-O Bd7 14. Nh4 a6 15. f4 Rg8 16. fxe5 Qxe5 17. Ne2 b5 18. Bc3 Qe7 19. Rhf1 Bg7 20. Rf3 bxc4 21. Bxc4 Bb5 22. Bxb5+ axb5 23. Rdf1 Ncxd5 24. Bd2 b4 25. e4 Qxe4 26. Qxe4+ Nxe4 27. Rxf7 bxa3 28. bxa3 Rxa3 29. R1f3 Ra1+ 0-1


[Site "https://www.chess.com"]

[Event "Titled Tuesday Blitz May 11 2021"]
[White "Holt, Conrad"]
[Black "Sarana, Alexey"]
[WhiteFideId "2034387"]
[BlackFideId "24133795"]
[WhiteElo "2586"]
[BlackElo "2629"]
[Result "1-0"]
[Round "08"]
[TimeControl "180+1"]
[Date "2021.05.11"]
[WhiteClock "0:00:04"]
[BlackClock "0:00:04"]

1. d4 Nf6 2. c4 e6 3. Nc3 d5 4. cxd5 Nxd5 5. e4 Nxc3 6. bxc3 c5 7. Rb1 Be7 8. Nf3 O-O 9. Be2 b6 10. O-O Bb7 11. Bd3 Nc6 12. d5 exd5 13. exd5 Nb8 14. c4 Nd7 15. Qc2 g6 16. Bh6 Re8 17. Rfe1 Bf6 18. Rxe8+ Qxe8 19. Re1 Qb8 20. h4 b5 21. h5 bxc4 22. Be4 Nf8 23. Rb1 Qc8 24. Rxb7 Qxb7 25. d6 Qc8 26. Bxa8 Qxa8 27. Qxc4 Qc6 28. Qf4 Nd7 29. Bg5 Bg7 30. Be7 Qd5 31. Qg4 Qe6 32. Qa4 gxh5 33. Qxa7 Bc3 34. Qa8+ Kg7 35. Qa3 Be5 36. Qe3 Bf6 37. Bxf6+ Qxf6 38. Qd3 Qe6 39. a4 c4 40. Qd4+ f6 41. a5 c3 42. Qxc3 Qxd6 43. Nd4 Qe5 44. Qg3+ Qxg3 45. fxg3 Nc5 46. Kf2 Kg6 47. Kf3 Kg5 48. Ne2 Na6 49. Nf4 h4 50. Nh3+ Kh5 51. g4+ Kg6 52. Ke4 Nb4 53. Kf3 h5 54. Nf4+ Kg5 55. gxh5 f5 56. Ke2 Kh6 57. Kd2 Kg5 58. Kc3 Nc6 59. a6 Na7 60. Kc4 h3 61. Nxh3+ Kxh5 62. Kc5 Kg4 63. Kb6 Nc8+ 64. Kb7 Nd6+ 65. Kc6 Nc8 66. Ng1 Kg3 67. Nf3 f4 68. Ne1 Kf2 69. Nd3+ Kg3 70. Kc7 Na7 71. Kb7 Nb5 72. Kb6 Nd6 73. Kc6 Nc8 74. Kc5 Na7 75. Kd5 Nc8 76. Ke5 Kxg2 77. Nxf4+ Kf3 78. Nd5 Ke2 79. Nb4 Kd2 80. Kd5 Kc3 81. Kc5 Kb3 82. Nd5 Ka4 83. Nc7 Ka5 84. Kc6 Ne7+ 85. Kd6 Nc8+ 86. Kd7 Nb6+ 87. Kc6 Nc8 88. Kb7 Nd6+ 89. Ka7 Nb5+ 90. Nxb5 Kxb5 91. Kb7 1-0


[Site "https://www.chess.com"]

[Event "Titled Tuesday Blitz May 11 2021"]
[White "Indjic, Aleksandar"]
[Black "Csonka, Balazs"]
[WhiteFideId "911925"]
[BlackFideId "742910"]
[WhiteElo "2643"]
[BlackElo "2404"]
[Result "1-0"]
[Round "08"]
[TimeControl "180+1"]
[Date "2021.05.11"]
[WhiteClock "0:00:19"]
[BlackClock "0:00:01"]

1. d4 e6 2. Nf3 Nf6 3. Bg5 h6 4. Bh4 b6 5. e3 Bb7 6. Nbd2 d6 7. h3 Be7 8. Bd3 c5 9. c3 Nc6 10. a3 Nh5 11. Bxe7 Qxe7 12. Qe2 Nf6 13. e4 e5 14. d5 Nb8 15. a4 a6 16. Nc4 Nbd7 17. Nfd2 O-O 18. Ne3 g6 19. h4 Nh5 20. g3 Ng7 21. h5 g5 22. c4 a5 23. Kd1 Nb8 24. b3 Na6 25. Ng4 Kh7 26. Qf3 f6 27. Ne3 Nb4 28. Bf1 Bc8 29. Bh3 Bxh3 30. Rxh3 Qd7 31. Nf5 Nxf5 32. exf5 e4 33. Nxe4 Rae8 34. Kd2 Re5 35. g4 Qe7 36. Nc3 Re8 37. Rhh1 Kg7 38. Raf1 Kf7 39. Qd1 Na2 40. Rh3 Nxc3 41. Rxc3 Re2+ 42. Kc1 Qe5 43. Qd3 Re1+ 44. Rxe1 Qxe1+ 45. Kb2 Re2+ 46. Rc2 1-0


[Site "https://www.chess.com"]

[Event "Titled Tuesday Blitz May 11 2021"]
[White "Ivanisevic, Ivan"]
[Black "Jones, Gawain C B"]
[WhiteFideId "912417"]
[BlackFideId "409561"]
[WhiteElo "2499"]
[BlackElo "2657"]
[Result "1-0"]
[Round "08"]
[TimeControl "180+1"]
[Date "2021.05.11"]
[WhiteClock "0:00:22"]
[BlackClock "0:00:01"]

1. d4 Nf6 2. c4 c5 3. d5 b5 4. Nf3 bxc4 5. Nc3 g6 6. e4 d6 7. Bxc4 Bg7 8. O-O O-O 9. h3 Ba6 10. Bxa6 Nxa6 11. Qe2 Nc7 12. Re1 a5 13. a4 Qc8 14. Ra3 Qa6 15. Qd1 Nd7 16. Bg5 Rfe8 17. Qd2 Rab8 18. Bh6 Bh8 19. Bf4 Rb4 20. e5 dxe5 21. Nxe5 Rd4 22. Qc1 Nxd5 23. Nb5 Nxf4 24. Nxd7 Qc6 25. Rf3 Rxa4 26. Nxc5 Qxb5 27. Nxa4 Nd3 28. Rxd3 Qxd3 29. Qc6 Qd8 30. Nb6 e5 31. Nd7 Re6 32. Qd5 Qe8 33. Rd1 e4 34. Nc5 Re5 35. Qd6 e3 36. fxe3 Rxe3 37. Kf1 Bxb2 38. Nd7 Re6 39. Qd2 Bg7 40. Rb1 h5 41. Rb8 a4 42. Rxe8+ Rxe8 43. Qb4 Rd8 44. Qxa4 Kh7 45. Qc6 1-0


[Site "https://www.chess.com"]

[Event "Titled Tuesday Blitz May 11 2021"]
[White "Ivic, Velimir"]
[Black "Mohammad Fahad, Rahman"]
[WhiteFideId "950122"]
[BlackFideId "10207791"]
[WhiteElo "2509"]
[BlackElo "2323"]
[Result "1-0"]
[Round "08"]
[TimeControl "180+1"]
[Date "2021.05.11"]
[WhiteClock "0:01:45"]
[BlackClock "0:00:09"]

1. e4 c5 2. Nf3 d6 3. d4 cxd4 4. Nxd4 Nf6 5. Nc3 Nc6 6. Bg5 e6 7. Be2 Qb6 8. Nb3 a6 9. g4 Be7 10. Be3 Qc7 11. g5 Nd7 12. a4 Nce5 13. h4 Nc4 14. Bc1 b6 15. Qd4 Nce5 16. f4 Ng6 17. Qxg7 Nf6 18. h5 Rg8 19. gxf6 Rxg7 20. fxg7 Bh4+ 21. Rxh4 Ne7 22. Rg4 Ng8 23. Be3 Bb7 24. O-O-O O-O-O 25. Rgg1 Kb8 26. Kb1 f6 27. f5 exf5 28. exf5 Re8 29. Bf4 Rd8 30. Nd5 Bxd5 31. Rxd5 Kb7 32. Bf3 Ka7 33. Rgd1 Qxg7 34. Bxd6 Ne7 35. Bb8+ Rxb8 36. Rd7+ 1-0


[Site "https://www.chess.com"]

[Event "Titled Tuesday Blitz May 11 2021"]
[White "Jobava, Baadur"]
[Black "dropstoneDP"]
[WhiteFideId "13601520"]
[WhiteElo "2748"]
[BlackElo "2918"]
[Result "1-0"]
[Round "08"]
[TimeControl "180+1"]
[Date "2021.05.11"]
[WhiteClock "0:00:38"]
[BlackClock "0:00:18"]

1. e4 e5 2. Nf3 Nc6 3. Bc4 d6 4. d3 Na5 5. Nc3 Nxc4 6. dxc4 Be7 7. h3 Nf6 8. Bg5 Be6 9. Qe2 O-O 10. O-O-O b6 11. Nxe5 Nxe4 12. Nxe4 Bxg5+ 13. Kb1 Bh6 14. Ng4 Bg5 15. Ne5 Re8 16. Qh5 Be7 17. h4 f6 18. Ng5 Bf5 19. Qf7+ Kh8 20. Qd5 1-0


[Site "https://www.chess.com"]

[Event "Titled Tuesday Blitz May 11 2021"]
[White "Kazakouski, Valery"]
[Black "Zhigalko, Sergei"]
[WhiteFideId "13507443"]
[BlackFideId "13502956"]
[WhiteElo "2546"]
[BlackElo "2662"]
[Result "0-1"]
[Round "08"]
[TimeControl "180+1"]
[Date "2021.05.11"]
[WhiteClock "0:00:07"]
[BlackClock "0:00:02"]

1. d4 Nf6 2. Nf3 e6 3. c4 b6 4. g3 Ba6 5. Qb3 Nc6 6. Nbd2 Na5 7. Qc3 c5 8. dxc5 bxc5 9. e4 Bb7 10. e5 Ne4 11. Nxe4 Bxe4 12. Bg2 Nc6 13. O-O Rb8 14. Qe3 Bxf3 15. Bxf3 Nd4 16. Be4 Qc7 17. Bd3 Qxe5 18. Rb1 Qh5 19. b4 Be7 20. Bb2 O-O 21. Bxd4 cxd4 22. Qxd4 Rxb4 23. Qxd7 Rxb1 24. Rxb1 Bc5 25. Kg2 g6 26. Rb5 a6 27. Ra5 Qe5 28. h4 Rb8 29. Qc6 Qd4 30. Qxc5 Qxd3 31. Rxa6 Qe4+ 32. Kh2 Rb1 33. f3 Qe2+ 34. Kh3 Qxf3 35. Ra8+ Qxa8 0-1


[Site "https://www.chess.com"]

[Event "Titled Tuesday Blitz May 11 2021"]
[White "Kobalia, Mikhail"]
[Black "Jacobson, Brandon"]
[WhiteFideId "4119150"]
[BlackFideId "30901561"]
[WhiteElo "2569"]
[BlackElo "2362"]
[Result "1/2-1/2"]
[Round "08"]
[TimeControl "180+1"]
[Date "2021.05.11"]
[WhiteClock "0:00:09"]
[BlackClock "0:00:10"]

1. e4 c5 2. Nf3 Nc6 3. Bb5 e6 4. O-O Nge7 5. d4 cxd4 6. Nxd4 Ng6 7. Be2 Be7 8. c4 O-O 9. Nc3 Nxd4 10. Qxd4 b6 11. Be3 Bb7 12. Rad1 Bc6 13. f4 f5 14. g3 e5 15. fxe5 Bc5 16. Qd2 fxe4 17. Bxc5 bxc5 18. Nd5 Nxe5 19. Qe3 d6 20. Qxe4 Qg5 21. Rf4 Rae8 22. Rdf1 Rxf4 23. Qxf4 Qxf4 24. Nxf4 Rf8 25. h4 Rf6 26. Rd1 g6 27. b3 Kf7 28. Bf1 Nf3+ 29. Kf2 Nd4 30. Bg2 Bxg2 31. Kxg2 h6 32. Nd5 Re6 33. Rf1+ Kg7 34. Rf2 g5 35. h5 a5 36. Rd2 Re5 37. Rf2 g4 38. Rf4 Re2+ 39. Rf2 Re5 40. Rf4 Rg5 41. Ne3 Rxh5 42. Rxg4+ Rg5 43. Rxg5+ hxg5 44. Nd5 Kg6 45. g4 Kf7 46. Nc3 Ke7 47. Ne4 Ne6 48. Kf3 Kd7 49. Ke3 Ke7 50. Kd3 Kd7 51. Kc3 Kc6 52. Kb2 d5 53. cxd5+ Kxd5 54. Nd2 Ke5 55. Nc4+ Kf4 56. Nxa5 Kxg4 57. Nc4 Kf4 58. Nd2 g4 59. Nf1 g3 60. Nxg3 Kxg3 61. Kc3 Kf4 62. Kc4 Ke5 63. b4 cxb4 64. Kxb4 Kd6 65. a4 Kc6 66. a5 Nc7 67. a6 Nxa6+ 1/2-1/2


[Site "https://www.chess.com"]

[Event "Titled Tuesday Blitz May 11 2021"]
[White "Kollars, Dmitrij"]
[Black "Bluebaum, Matthias"]
[WhiteFideId "12909572"]
[BlackFideId "24651516"]
[WhiteElo "2576"]
[BlackElo "2685"]
[Result "1-0"]
[Round "08"]
[TimeControl "180+1"]
[Date "2021.05.11"]
[WhiteClock "0:00:10"]
[BlackClock "0:00:03"]

1. b3 d5 2. Bb2 Bf5 3. Nf3 e6 4. g3 Nf6 5. Bg2 h6 6. O-O Nbd7 7. c4 c6 8. d3 Be7 9. Nbd2 O-O 10. Qc2 a5 11. a3 Bh7 12. cxd5 cxd5 13. Rfc1 Rc8 14. Qd1 Qb6 15. Rxc8 Rxc8 16. Rc1 Rc6 17. h3 Bd6 18. Bd4 Qc7 19. Rxc6 Qxc6 20. Qa1 Qc7 21. Bb2 e5 22. Ne1 b5 23. e3 Bg6 24. d4 e4 25. Bf1 Qb7 26. Qc1 Ne8 27. Ng2 f5 28. Be2 Bf7 29. h4 g5 30. Qc3 b4 31. axb4 axb4 32. Qc2 Nef6 33. Qd1 Nf8 34. Qa1 Ne6 35. hxg5 hxg5 36. Qa5 Kg7 37. Bd1 f4 38. gxf4 gxf4 39. exf4 Nxf4 40. Nxf4 Bxf4 41. Nf1 Qe7 42. Qc5 Bd6 43. Qc1 Nd7 44. Qe3 Qf6 45. Bc1 Bg6 46. Ng3 Nf8 47. Qg5 Qxg5 48. Bxg5 Ne6 49. Be3 Kf6 50. Bg4 Bf7 51. Ne2 Ng7 52. Nf4 Nf5 53. Ne2 Ne7 54. Kg2 Be6 55. Kh3 Bxg4+ 56. Kxg4 Nf5 57. Bf4 Ke6 58. Bxd6 Nxd6 59. f3 exf3 60. Kxf3 Kf5 61. Ke3 Nb5 62. Kf3 Nc7 63. Ng3+ Ke6 64. Kf4 Nb5 65. Ke3 Nd6 66. Ne2 Nf5+ 67. Kd3 Nd6 68. Nf4+ Kd7 69. Nxd5 Nf5 70. Nxb4 Kd6 71. Ke4 Ng3+ 72. Kd3 Nf5 73. Nc2 Kc6 74. Ne3 Nd6 75. Nc4 Nf5 76. Ke4 Ne7 77. Ke5 Kb5 78. d5 Kb4 79. d6 Nc6+ 80. Kd5 Nd8 81. Nd2 Kb5 82. d7 Kb6 83. Kd6 Nb7+ 84. Ke7 Kc7 85. Nc4 Nd8 86. Ne5 Nb7 87. Nf7 Kc6 88. b4 Kb5 89. Nd6+ Kxb4 90. Nxb7 Kb5 91. d8=Q 1-0


[Site "https://www.chess.com"]

[Event "Titled Tuesday Blitz May 11 2021"]
[White "Kovalev, Vladislav"]
[Black "Nakamura, Hikaru"]
[WhiteFideId "13504398"]
[BlackFideId "2016192"]
[WhiteElo "2573"]
[BlackElo "2900"]
[Result "0-1"]
[Round "08"]
[TimeControl "180+1"]
[Date "2021.05.11"]
[WhiteClock "0:00:04"]
[BlackClock "0:00:48"]

1. e4 g6 2. d4 Bg7 3. Nc3 a6 4. Be3 b5 5. Qd2 Bb7 6. f3 d6 7. h4 h5 8. Nh3 e6 9. Ng5 Nd7 10. a4 b4 11. Na2 c5 12. c3 bxc3 13. bxc3 Ngf6 14. Be2 O-O 15. O-O Bc6 16. Nc1 Qc7 17. Nd3 Nh7 18. Nxh7 Kxh7 19. dxc5 dxc5 20. Nxc5 Rfd8 21. Nxa6 Qc8 22. Nb4 Bxa4 23. Bd4 e5 24. Be3 Nc5 25. Qb2 Rb8 26. Kh2 Be8 27. Ra7 Na4 28. Qa1 Qxc3 29. Nd5 Rxd5 30. Qxc3 Nxc3 31. exd5 Nxe2 32. d6 Rd8 33. Rd1 Nd4 34. Re7 Bf6 35. Bg5 Bxe7 36. dxe7 Nxf3+ 0-1


[Site "https://www.chess.com"]

[Event "Titled Tuesday Blitz May 11 2021"]
[White "Matlakov, Maxim"]
[Black "Gabrielian, Artur"]
[WhiteFideId "4168003"]
[BlackFideId "4131002"]
[WhiteElo "2760"]
[BlackElo "2539"]
[Result "1-0"]
[Round "08"]
[TimeControl "180+1"]
[Date "2021.05.11"]
[WhiteClock "0:00:24"]
[BlackClock "0:00:05"]

1. Nf3 Nf6 2. b3 g6 3. Bb2 Bg7 4. c4 O-O 5. g3 d6 6. Bg2 e5 7. d3 Nc6 8. O-O Re8 9. Nc3 Nh5 10. Qd2 f5 11. Nd5 Nf6 12. Rac1 e4 13. dxe4 Nxe4 14. Qc2 Be6 15. Bxg7 Kxg7 16. Qb2+ Kg8 17. Rfd1 Bf7 18. Nd2 Bxd5 19. cxd5 Ne5 20. Bxe4 fxe4 21. Nxe4 Qe7 22. Qd4 Rf8 23. Rc3 Rae8 24. Rdc1 Qg7 25. Kg2 Rf7 26. Ng5 Rf5 27. Rxc7 Qf6 28. Nxh7 Qd8 29. Rxb7 Re7 30. Qxa7 Rxb7 31. Qxb7 Rf7 32. Rc8 Rxb7 33. Rxd8+ Kxh7 34. Rxd6 Ra7 35. Re6 Nf7 36. d6 Rxa2 37. e4 Kg7 38. e5 Ng5 39. Re7+ Kf8 40. Rb7 Rd2 41. h4 Ne6 42. Kf3 Rd3+ 43. Kg4 Rd4+ 44. f4 Rd3 45. b4 Nd4 46. Rb8+ Kf7 47. Rb7+ Kf8 48. b5 1-0


[Site "https://www.chess.com"]

[Event "Titled Tuesday Blitz May 11 2021"]
[White "Murzin, Volodar"]
[Black "Keymer, Vincent"]
[WhiteFideId "44155573"]
[BlackFideId "12940690"]
[WhiteElo "2541"]
[BlackElo "2474"]
[Result "0-1"]
[Round "08"]
[TimeControl "180+1"]
[Date "2021.05.11"]
[WhiteClock "0:00:01"]
[BlackClock "0:00:08"]

1. e4 c6 2. Nf3 d5 3. exd5 cxd5 4. Ne5 a6 5. d4 Nf6 6. c4 g6 7. Nc3 Bg7 8. cxd5 Nxd5 9. Qa4+ Bd7 10. Qb3 Bc6 11. Bc4 e6 12. O-O O-O 13. Rd1 Nxc3 14. bxc3 b5 15. Bxe6 fxe6 16. Qxe6+ Kh8 17. Nxc6 Qb6 18. Ba3 Nxc6 19. Bc5 Qb7 20. d5 Nd8 21. Qe3 Rg8 22. Rd3 Nf7 23. Rad1 Ne5 24. Rd4 Nc4 25. Qh3 Rge8 26. Rh4 Bf6 27. Rf4 Be5 28. Re4 Bg7 29. Rxe8+ Rxe8 30. d6 Qe4 31. g3 Qf3 32. Qf1 Rd8 33. d7 Qf5 34. Qe2 Qxc5 35. Qe8+ Qf8 36. Re1 Nd6 37. Qe6 Nf5 38. Qe8 Nd6 39. Qe6 Qf6 0-1


[Site "https://www.chess.com"]

[Event "Titled Tuesday Blitz May 11 2021"]
[White "Oparin, Grigoriy"]
[Black "Kamsky, Gata"]
[WhiteFideId "24125890"]
[BlackFideId "2000024"]
[WhiteElo "2628"]
[BlackElo "2644"]
[Result "1-0"]
[Round "08"]
[TimeControl "180+1"]
[Date "2021.05.11"]
[WhiteClock "0:00:23"]
[BlackClock "0:00:02"]

1. c4 e5 2. Nc3 Nc6 3. g3 Bc5 4. Bg2 Nge7 5. e3 a6 6. Nge2 Ba7 7. O-O d6 8. d4 O-O 9. b3 exd4 10. Nxd4 Nxd4 11. exd4 Nf5 12. Ne2 Rb8 13. a4 c6 14. Bf4 Qf6 15. c5 g5 16. Bd2 dxc5 17. dxc5 Be6 18. Qc1 h6 19. Bc3 Qg6 20. Bb2 Rbd8 21. Qc3 f6 22. Rfe1 Bd5 23. Bh3 Bb8 24. Qb4 Rf7 25. Rad1 Bc7 26. Nc3 a5 27. Qg4 Ne7 28. Nxd5 Nxd5 29. Qe6 Qc2 30. Ba1 Kg7 31. Bf5 Qxb3 32. Bb1 Qf3 33. Rd3 Qh5 34. Qf5 Kf8 35. Rd2 Be5 36. Bxe5 fxe5 37. Qxe5 Kg8 38. Bf5 1-0


[Site "https://www.chess.com"]

[Event "Titled Tuesday Blitz May 11 2021"]
[White "Praggnanandhaa R"]
[Black "Jarovinsky, Alexey"]
[WhiteFideId "25059530"]
[BlackFideId "14115131"]
[WhiteElo "2555"]
[BlackElo "2446"]
[Result "1-0"]
[Round "08"]
[TimeControl "180+1"]
[Date "2021.05.11"]
[WhiteClock "0:00:36"]
[BlackClock "0:00:15"]

1. d4 e6 2. c4 Bb4+ 3. Nc3 Bxc3+ 4. bxc3 Ne7 5. e4 d6 6. Bd3 e5 7. f4 exf4 8. Bxf4 O-O 9. Nf3 Nd7 10. O-O Ng6 11. Bg5 f6 12. Bd2 Nb6 13. Qe2 Re8 14. Rae1 Bg4 15. h3 Bxf3 16. Rxf3 Nd7 17. Qf2 c5 18. h4 Ngf8 19. h5 h6 20. Rg3 Kh8 21. Ree3 Ne6 22. Ref3 Ng5 23. Bxg5 fxg5 24. Rf7 Rf8 25. Rgf3 Qe8 26. Bc2 Rxf7 27. Rxf7 Nf6 28. Rxf6 gxf6 29. Qxf6+ Kg8 30. Qxh6 Qe7 31. e5 dxe5 32. Be4 Rd8 33. dxc5 Qxc5+ 34. Kh2 Qe3 35. Qg6+ Kf8 36. Qf6+ Kg8 37. Qxd8+ 1-0


[Site "https://www.chess.com"]

[Event "Titled Tuesday Blitz May 11 2021"]
[White "Sasikiran, Krishnan"]
[Black "Martinez Alcantara, Jose Eduardo"]
[WhiteFideId "5004985"]
[BlackFideId "3805662"]
[WhiteElo "2552"]
[BlackElo "2690"]
[Result "0-1"]
[Round "08"]
[TimeControl "180+1"]
[Date "2021.05.11"]
[WhiteClock "0:00:01"]
[BlackClock "0:00:09"]

1. e4 e5 2. Nf3 Nc6 3. Bb5 a6 4. Ba4 Nf6 5. O-O d6 6. c3 Bd7 7. Re1 g6 8. d4 b5 9. Bb3 Bg7 10. h3 O-O 11. Nbd2 Re8 12. a3 a5 13. Bc2 a4 14. Nf1 Na5 15. Ng3 c5 16. d5 Rf8 17. Bg5 Kh8 18. Qc1 Qc8 19. Bh6 Ng8 20. Bxg7+ Kxg7 21. Nh2 Qd8 22. f4 Qh4 23. Ne2 exf4 24. Nf3 Qf6 25. Nxf4 Nc4 26. Rf1 Rae8 27. Bd3 Ne5 28. Nxe5 Qxe5 29. Qd2 Nf6 30. Rae1 h6 31. Bc2 c4 32. Ne2 Nh5 33. Nd4 Kh7 34. Re3 f5 35. Nf3 Qe7 36. e5 dxe5 37. Nxe5 Qd6 38. Rfe1 Nf6 39. Qd4 Bc8 40. Rd1 Re7 41. Nc6 Rxe3 42. Qxe3 Bd7 43. Qe5 Qxe5 44. Nxe5 Re8 45. Nxd7 Nxd7 46. Kf2 Kg7 47. d6 Kf6 48. Rd2 Re5 49. g4 Ke6 50. gxf5+ gxf5 51. Kf3 Nf6 52. Kf4 Nd5+ 53. Kf3 Kxd6 54. Rd4 Kc5 55. Rh4 Ne3 0-1


[Site "https://www.chess.com"]

[Event "Titled Tuesday Blitz May 11 2021"]
[White "Shipov, Sergei"]
[Black "Narayanan.S.L"]
[WhiteFideId "4113624"]
[BlackFideId "5058422"]
[WhiteElo "2766"]
[BlackElo "2617"]
[Result "1-0"]
[Round "08"]
[TimeControl "180+1"]
[Date "2021.05.11"]
[WhiteClock "0:00:22"]
[BlackClock "0:00:53"]

1. d4 Nf6 2. c4 g6 3. Nc3 Bg7 4. e4 O-O 5. Be2 Nc6 6. Nf3 d6 7. Be3 Bg4 8. d5 Bxf3 9. Bxf3 Ne5 10. Be2 Re8 11. Qb3 c5 12. O-O Rb8 13. h3 a6 14. a4 e6 15. a5 exd5 16. cxd5 Ned7 17. Qc2 Qe7 18. Bf3 Ne5 19. Be2 Ned7 20. Bf3 Rbc8 21. Rfe1 c4 22. Ra4 h5 23. Rb4 Rc7 24. Bd4 Nh7 25. Bxg7 Kxg7 26. Be2 Rec8 27. Qd2 Nhf6 28. Bf1 h4 29. f4 Kg8 30. e5 Nh5 31. Ne4 Nxe5 32. fxe5 Qxe5 33. Rb6 Re7 34. Nxd6 Qxe1 35. Qxe1 Rxe1 36. Nxc8 Ng3 37. Kf2 Rxf1+ 38. Ke3 Rf3+ 1-0


[Site "https://www.chess.com"]

[Event "Titled Tuesday Blitz May 11 2021"]
[White "Svane, Rasmus"]
[Black "Dang, Hoang Son"]
[WhiteFideId "4657101"]
[BlackFideId "12402435"]
[WhiteElo "2669"]
[BlackElo "2248"]
[Result "1-0"]
[Round "08"]
[TimeControl "180+1"]
[Date "2021.05.11"]
[WhiteClock "0:00:14"]
[BlackClock "0:00:19"]

1. Nf3 g6 2. e4 Bg7 3. d4 d6 4. Bd3 Nf6 5. O-O O-O 6. h3 Nc6 7. c3 e5 8. Re1 Bd7 9. Nbd2 a6 10. Nf1 b5 11. Ng3 Re8 12. Be3 d5 13. dxe5 Nxe5 14. Nxe5 Rxe5 15. f4 Re8 16. e5 Ne4 17. Nxe4 dxe4 18. Bxe4 c6 19. Qd2 Qc7 20. Rad1 Rad8 21. Qf2 Rc8 22. b4 Bf8 23. Bc5 Be6 24. a3 Bxc5 25. Qxc5 a5 26. Rd6 axb4 27. axb4 Qe7 28. Bxc6 Red8 29. Red1 Rf8 30. Qxb5 Qh4 31. Qf1 Rc7 32. b5 Rb8 33. c4 Qg3 34. c5 Bxh3 35. Qf3 Qxf3 36. Bxf3 Rxb5 37. gxh3 Rcxc5 38. Kg2 h5 39. h4 Rb2+ 40. R1d2 Rb4 41. R6d4 Rb3 42. R2d3 Rc2+ 43. Kg3 Rb1 44. Rd1 Rb3 45. R4d3 Rb6 46. Rd8+ Kg7 47. R8d7 Rc3 48. R1d3 Rc1 49. Bd5 Rg1+ 50. Kf2 Rg4 51. Rxf7+ Kh6 52. Bf3 Rb2+ 53. Ke3 Rxh4 54. Rdd7 Rb3+ 55. Ke4 Rb4+ 56. Ke3 Rb3+ 57. Kf2 Rh2+ 58. Kg3 1-0


[Site "https://www.chess.com"]

[Event "Titled Tuesday Blitz May 11 2021"]
[White "Tari, Aryan"]
[Black "Aditya Mittal"]
[WhiteFideId "1510045"]
[BlackFideId "35042025"]
[WhiteElo "2656"]
[BlackElo "2171"]
[Result "0-1"]
[Round "08"]
[TimeControl "180+1"]
[Date "2021.05.11"]
[WhiteClock "0:00:14"]
[BlackClock "0:00:25"]

1. b3 d5 2. Bb2 Bf5 3. Nf3 e6 4. e3 Nf6 5. d4 h6 6. Bd3 Bxd3 7. Qxd3 Nbd7 8. O-O Ne4 9. c4 c6 10. Nfd2 f5 11. f3 Nxd2 12. Nxd2 Bb4 13. e4 Bxd2 14. Qxd2 O-O 15. cxd5 exd5 16. exd5 cxd5 17. Rfe1 Re8 18. Rxe8+ Qxe8 19. Re1 Qf7 20. Qe2 Nf6 21. Qd3 Re8 22. Re5 Rxe5 23. dxe5 Nd7 24. Qd4 Nf8 25. Qxa7 Qc7 26. Qd4 Qc2 27. h4 Kh7 28. e6 Nxe6 29. Qe5 d4 30. Qxe6 Qxb2 31. Qxf5+ Kg8 32. Qd5+ Kh7 33. Qxb7 Qc1+ 34. Kh2 Qf4+ 35. Kh3 d3 36. Qd5 d2 37. Qd3+ g6 38. g3 Qf5+ 0-1


[Site "https://www.chess.com"]

[Event "Titled Tuesday Blitz May 11 2021"]
[White "Timmermans, Mark"]
[Black "Sevian, Samuel"]
[WhiteFideId "1026399"]
[BlackFideId "2040506"]
[WhiteElo "2460"]
[BlackElo "2978"]
[Result "0-1"]
[Round "08"]
[TimeControl "180+1"]
[Date "2021.05.11"]
[WhiteClock "0:00:16"]
[BlackClock "0:00:14"]

1. b4 e5 2. Bb2 Bxb4 3. Bxe5 Nf6 4. Nc3 Nc6 5. Bxf6 Qxf6 6. Nd5 Qd6 7. c4 Ba5 8. Nf3 Ne5 9. Nxe5 Qxe5 10. e3 Qb2 11. Rc1 c6 12. Nf4 O-O 13. Bd3 d6 14. O-O g6 15. Rc2 Qf6 16. Be2 Re8 17. d4 Bf5 18. Bd3 Bd7 19. Rb2 Rab8 20. Qf3 c5 21. Rxb7 Rxb7 22. Qxb7 Qd8 23. Nd5 Be6 24. Qxa7 Bxd5 25. cxd5 Bb6 26. Qb7 cxd4 27. e4 Bc5 28. a4 Re7 29. Qb3 Kg7 30. Ra1 Qa5 31. h4 h5 32. g3 Ra7 33. Bb5 Rb7 34. Rd1 Qc3 35. Qb1 d3 36. Qxd3 Qb2 37. Rd2 Qa1+ 38. Kg2 Re7 39. Rc2 Qe1 40. Re2 Qa1 41. Bc6 Kg8 42. Qc2 Qd4 43. Qb2 Rxe4 44. Qxd4 Rxd4 45. Re8+ Kg7 46. Rd8 Rd2 47. Kf1 Rxf2+ 48. Ke1 Rf3 49. Ra8 Rxg3 50. a5 Rg4 51. a6 Rxh4 52. Rd8 Rh1+ 53. Ke2 Ra1 54. Bb5 h4 55. Kf3 h3 56. Kg3 Ra3+ 57. Kh2 Bd4 58. Bf1 Be5+ 59. Kg1 h2+ 60. Kg2 Ra2+ 61. Kh1 Ra1 0-1


[Site "https://www.chess.com"]